 Dungeon Crawl Stone Soup version 0.31-a0-654-gbe3e110b4e (webtiles) character file.

Game seed: 3550325354665169049

564 Dittersdorf the Shield-Bearer (level 7, -15/44 HPs)
             Began as a Gargoyle Fighter on Aug 29, 2023.
             Demolished by an ogre
             ... wielding a +0 giant club
              (20 damage)
             ... on level 5 of the Dungeon.
             The game lasted 00:05:27 (3457 turns).

Dittersdorf the Shield-Bearer (Gargoyle Fighter)    Turns: 3457, Time: 00:05:28

Health: -15/44     AC: 17    Str: 21    XL:     7   Next: 32%
Magic:  7/7        EV:  8    Int:  9    God:
Gold:   224        SH:  4    Dex:  9    Spells: 6/6 levels left

rFire   . . .        a - +0 flail
rCold   . . .        c - +0 buckler
rNeg    + . .        x - +0 chain mail
rPois   ∞            u - +0 helmet
rElec   +            w - +0 cloak
rCorr   +            (no gloves)
SInv    .            (no boots)
Will    .....        (no amulet) Stlth
                     t - ring of resist corrosion
HPRegen 0.27/turn    (no ring)
MPRegen 0.10/turn

%: no passive effects
@: studying Hexes
A: sickness immunity, AC +4, negative energy resistance 1, electricity
resistance, torment resistance 1, petrification resistance
a: no special abilities


You were on level 5 of the Dungeon.
You visited 1 branch of the dungeon, and saw 5 of its levels.

You collected 224 gold pieces.

Inventory:

Hand Weapons
 a - a +0 flail (weapon)
Missiles
 l - a poisoned dart (quivered)
Armour
 c - a +0 buckler (worn)
 u - a +0 helmet (worn)
 w - a +0 cloak (worn)
 x - a +0 chain mail (worn)
Jewellery
 m - a ring of fire
 t - a ring of resist corrosion (left hand)
Scrolls
 b - a scroll of teleportation {unknown}
 e - 3 scrolls of noise {unknown}
 f - a scroll of vulnerability {unknown}
 g - 4 scrolls of enchant weapon {unknown}
 h - 2 scrolls of acquirement {unknown}
 i - 2 scrolls of identify {unknown}
 j - a scroll of immolation {unknown}
 n - a scroll of poison {unknown}
 s - 2 scrolls of amnesia {unknown}
Potions
 d - a potion of might
 k - a potion of invisibility {unknown}
 o - a potion of magic {unknown}
 p - 3 potions of curing {unknown}
 q - a potion of brilliance {unknown}
 r - a potion of degeneration {unknown}
 v - a potion of enlightenment {unknown}


   Skills:
 + Level 5.2 Fighting
 + Level 4.2 Maces & Flails
 + Level 5.2 Armour
 + Level 5.3 Shields


You had 6 spell levels left.
You didn't know any spells.
Your spell library contained the following spells:

 Spells                   Type           Power      Damage    Failure   Level
 Ensorcelled Hibernation  Hex/Ice        0%         N/A       99%         2
 Wereblood                Tmut           0%         N/A       99%         2
 Inner Flame              Hex/Fire       0%         N/A       100%        3
 Anguish                  Hex/Necr       0%         N/A       100%        4
 Irradiate                Conj/Tmut      0%         3d11      100%        5
 Yara's Violent Unravell  Hex/Tmut       0%         3d3       100%        5
 Enfeeble                 Hex            0%         N/A       100%        7


Dungeon Overview and Level Annotations

Branches:
Dungeon (5/15)
 Temple: D:4-7

Altars:
Elyvilon
Kikubaaqudgha


Innate Abilities, Weirdness & Mutations

You are immune to sickness and miasma.
Your stone body is resilient. (AC +4)
You are immune to poison.
You resist negative energy. (rN+)
You are resistant to electric shocks. (rElec)
You are resistant to unholy torment.
You are immune to petrification.


Message History

You are too injured to fight recklessly!
You are too injured to fight recklessly!
You are too injured to fight recklessly!
You are too injured to fight recklessly!
You are too injured to fight recklessly!
Throw: 4 darts (poison)
Press: ? - help, Q - select action Shift-Dir - straight line, f - ogre
Aim: an ogre, wielding a +0 giant club (lightly wounded, 70% to hit)
You throw a poisoned dart. The poisoned dart hits the ogre.
The ogre is poisoned.
The ogre is lightly wounded.
The ogre misses you.
Throw: 3 darts (poison)
Press: ? - help, Q - select action Shift-Dir - straight line, f/p - ogre
Aim: an ogre, wielding a +0 giant club (lightly wounded, poisoned, 70% to hit)
You throw a poisoned dart. The poisoned dart hits the ogre.
The ogre looks even sicker.
The ogre is lightly wounded.
Throw: 2 darts (poison)
Press: ? - help, Q - select action Shift-Dir - straight line, f/p - ogre
Aim: an ogre, wielding a +0 giant club (moderately wounded, very poisoned, 70% to hit)
You throw a poisoned dart.
The poisoned dart barely misses the ogre.
The ogre barely misses you.
You hit the ogre but do no damage.
The ogre is moderately wounded.
The ogre hits you with a +0 giant club.
You barely miss the ogre.
The ogre is heavily wounded.
The ogre barely misses you.
You barely miss the ogre.
The ogre is heavily wounded.
The ogre hits you with a +0 giant club!
* * * LOW HITPOINT WARNING * * *
You barely miss the ogre.
The ogre is heavily wounded.
You closely miss the ogre.
The ogre is heavily wounded.
The ogre hits you with a +0 giant club!!
You die...

...# ####.....### ##..# ...#
##.......<..### ##.#
...####.............#########.#
..............................#
..####..PPPP.._..PPPP.(####...#
.............................##
#############.........########
####.###### #@# #O# #.. #..#
#(.# ##.# .# .#


You could see an ogre (poisoned).

Vanquished Creatures
  2 scorpions
  A howler monkey (D:4)
  4 orc priests
  A jelly (D:4)
  Crazy Yiuf (D:4)
  An orc wizard (D:4)
  2 iguanas
  Robin (D:4)
  3 adders
  3 gnolls
  A white imp (D:5)
  A worm (D:2)
  2 dart slugs
  10 orcs
  6 ball pythons
  4 giant cockroaches
  11 goblins
  7 hobgoblins
  2 jackals (D:1)
  6 kobolds
  2 quokkas
  6 bats
  4 frilled lizards
  7 rats
88 creatures vanquished.

Notes
Turn   | Place    | Note
-------+----------+-------------------------------------------
     0 | D:1      | Dittersdorf the Gargoyle Fighter began the quest for the
                  | Orb.
     0 | D:1      | Reached XP level 1. HP: 14/14 MP: 1/1
   164 | D:1      | Reached XP level 2. HP: 19/19 MP: 2/2
   311 | D:1      | You fall into a shaft and drop 1 floor!
   385 | D:2      | Reached XP level 3. HP: 24/24 MP: 3/3
   589 | D:2      | Reached XP level 4. HP: 29/29 MP: 4/4
  1883 | D:3      | Reached XP level 5. HP: 21/33 MP: 5/5
  2255 | D:4      | Reached XP level 6. HP: 37/39 MP: 6/6
  2518 | D:4      | Noticed Robin
  2530 | D:4      | Killed Robin
  2583 | D:4      | Found a runed translucent door.
  2736 | D:4      | Noticed Crazy Yiuf
  2747 | D:4      | Killed Crazy Yiuf
  2748 | D:4      | Reached skill level 5 in Fighting
  2748 | D:4      | Reached skill level 5 in Shields
  2878 | D:5      | Entered Level 5 of the Dungeon
  2889 | D:4      | Reached skill level 5 in Armour
  2889 | D:4      | Reached XP level 7. HP: 37/44 MP: 7/7
  2944 | D:5      | Found a white marble altar of Elyvilon.
  3364 | D:5      | Found an ancient bone altar of Kikubaaqudgha.
  3457 | D:5      | Demolished by an ogre

Illustrated notes

Levels and vault maps discovered:
D:1:      heliophobic_arrival_enchanted_forest, layout_loops_ring,
          nicolae_grassy_gnolls
D:2:      layout_rooms, nicolae_elevator_lobby_plus
D:3:      layout_basic, st_stairs_13
D:4:      layout_loops_cross, uniq_robin, uniq_crazy_yiuf_cottage
D:5:      layout_cave_pods, mainiacjoe_overflow_boulevard,
          mainiacjoe_overflow_catwalk, elyvilon_altar_3,
          nemelex_spade_bored_becter, serial_shops, shop, minmay_statues_item

Skill      XL: |  1  2  3  4  5  6  7 |
---------------+----------------------+-----
Fighting       | 4 5 |  5.2
Shields        | 4 5 |  5.3
Armour         | 4 5 |  5.2
Maces & Flails | 3 4 |  4.2

Action                     |  1- 3 |  4- 6 |  7- 9 || total
---------------------------+-------+-------+-------++-------
  Melee: Flail             |    71 |   222 |    44 ||   337
  Throw: Dart              |       |     9 |     3 ||    12
 Armour: Scale mail        |    42 |   174 |    34 ||   250
         Chain mail        |       |       |     8 ||     8
  Dodge: Dodged            |    35 |   126 |    28 ||   189
  Block: Buckler           |    14 |    77 |    22 ||   113

Table legend: (Time is in decaauts)
 A = Elapsed time spent in this place.
 B = Non-inter-level travel time spent in this place.
 C = Inter-level travel time spent in this place.
 D = Time resting spent in this place.
 E = Time spent auto-exploring this place.
 F = Levels seen in this place.
 G = Mean time per level.
                   A        B        C        D        E       F      G
               +--------+--------+--------+--------+--------+-----+--------+
         Total |   3560 |   3380 |    180 |    376 |   2114 |   5 |  712.0 |
       Dungeon |   3560 |   3380 |    180 |    376 |   2114 |   5 |  712.0 |
               +--------+--------+--------+--------+--------+-----+--------+

Top non-repeatable levels by time:
     D:4: 1242 daAuts
     D:3: 805 daAuts
     D:2: 614 daAuts
     D:5: 454 daAuts
     D:1: 442 daAuts
